 Dungeon Crawl Stone Soup version 0.17.2-1-ge4368a0 (webtiles) character file.

220 rlgrobin the Insei (level 5, 0/42 HPs)
             Began as a Mummy Monk on Apr 18, 2017.
             Slain by an ice beast (3 damage)
             ... on level 5 of the Dungeon.
             The game lasted 00:05:16 (3873 turns).

rlgrobin the Insei (Mummy Monk)                     Turns: 3873, Time: 00:05:16

Health: 0/42       AC:  1    Str: 14    XL:     5   Next: 64%
Magic:  5/5        EV: 13    Int:  9    God:
Gold:   104        SH:  0    Dex: 16    Spells: 0 memorised, 4 levels left

rFire  x . .     SeeInvis .       - Unarmed
rCold  + . .     Clarity  .     (no armour)
rNeg   + + +     SustAt   .     (no shield)
rPois  ∞         Gourm    .     (no helmet)
rElec  .         Spirit   .     (no cloak)
rCorr  .         Warding  .     (no gloves)
rMut   .         Stasis   .     j - +0 pair of boots
MR     .....                    (no amulet)
Stlth  ++........               (no ring)
                                (no ring)

@: not resistant to hostile enchantments, unstealthy
A: no food or potions, fire vulnerability, cold resistance 1, negative energy
resistance 3, torment resistance, unbreathing
a: no special abilities


You were on level 5 of the Dungeon.
You were not hungry.

You visited 1 branch of the dungeon, and saw 5 of its levels.

You collected 104 gold pieces.


Innate Abilities, Weirdness & Mutations

You do not eat or drink.
Your flesh is vulnerable to fire.
You are immune to poison.
Your flesh is cold resistant.
You are immune to negative energy.
You are immune to unholy pain and torment.
You can survive without breathing.


   Skills:
 + Level 3.7 Fighting
 - Level 2.4 Dodging
 - Level 1.5 Stealth
 - Level 5.4 Unarmed Combat


You had 4 spell levels left.
You didn't know any spells.

Inventory:

Armour
 e - a +0 shield
 j - a +0 pair of boots (worn)
Scrolls
 a - a scroll of immolation {unknown}
 c - 3 scrolls of identify {unknown}
 g - a scroll of teleportation {unknown}
 h - 2 scrolls of remove curse {unknown}
 i - 2 scrolls of fog {unknown}
 k - a scroll of fear {unknown}

Dungeon Overview and Level Annotations

Branches:
Dungeon (5/15)
 Temple: D:4-7

Altars:
Cheibriados
Nemelex Xobeh
Xom
Zin

Annotations:
D:4 exclusions: gnoll, ogre, orc and 2 scorpions
D:5 exclusion: iguana

............▒ ▒...▒ ░,░
▒▒▒▒...▒▒▒▒.▒ ▒.▒.▒ ░,░
............▒ ▒.▒.▒ ░,░
......▒▒▒▒▒.▒▒▒░░▒.▒.▒▒ ░,░
.▒▒▒...........,,...)l▒ ░,░ .▒
▒...........,,.....▒ ░,░
.▒▒▒..▒▒▒▒▒▒▒▒▒▒▒▒.▒..▒ ░,░
......▒ ▒▒Y▒▒.▒..▒ ░,░
▒▒▒▒▒.▒▒▒▒▒▒▒▒<▒M▒.▒..▒▒▒▒▒,░░░░░
▒ ▒.........▒▒▒5.▒.......,,,,,, ▒
▒▒▒▒▒▒▒▒.▒▒ ▒▒.........,░░░░░ ▒
▒▒.▒▒▒.▒▒..▒▒▒▒▒░░ ░ ▒
▒▒.▒.▒▒░..▒░░░░░░░░░░ ▒ ▒▒.▒▒
░....,,,,,,,,, ▒ ▒▒▒
░...▒▒░░░░░░,, ▒ ░..£▒░░░░ ░,░ ▒
░....,,,░ ░,░


You could see an ice beast and a crimson imp.


Message History

The crimson imp is moderately wounded!
The crimson imp closely misses you! The ice beast hits you! * * * don't die
* * * The ice beast freezes you!
You resist! * * * don't die
* * * You take 8 damage, and have 12/42 hp!
You closely miss the crimson imp!
The crimson imp is moderately wounded!
The crimson imp closely misses you! The ice beast hits you! * * * don't die
* * * The ice beast freezes you!
You resist! * * * don't die
* * * You take 9 damage, and have 3/42 hp!
MASSIVE DAMAGE!!!!!!
Read which item? (? for menu, Esc to quit)
As you read the scroll labeled FOL VUXZOSEN, it crumbles to dust!
You feel forgetful for a moment!
It was a scroll of amnesia!
The crimson imp disappears for a moment!
The crimson imp barely misses you! The ice beast barely misses you!
Read which item? (? for menu, Esc to quit)
As you read the scroll labeled MYSMACSEDOIL, it crumbles to dust!
You feel aware of your surroundings!
You sensed 1 altar!
It was a scroll of magic mapping!
The crimson imp barely misses you! The ice beast barely misses you!
Read which item? (? for menu, Esc to quit)
As you read the scroll labeled TIJESTRISEL, it crumbles to dust!
You hear a loud clanging noise!!!
It was a scroll of noise!
You hear a shout!!!
The crimson imp closely misses you! The ice beast hits you! rip

Action                   |  1- 3 |  4- 6 || total
-------------------------+-------+-------++-------
Melee: Unarmed           |   132 |    82 ||   214
  Use: Scroll            |       |     3 ||     3
 Stab: Sleeping          |     4 |     2 ||     6
       Distracted        |       |     1 ||     1

Vault maps used:
D:1:      saegor_arrival_miasma, minivault_23
D:2:      grunt_temple_overflow_order_and_chaos_1, nemelex_deck,
          old_standard_altar
D:3:      first_bread
D:4:      kennysheep_big_flooded_room, ashenzari_altar_1,
          lightli_sewer_entry_pipes, supply_closet_lemuel, grunt_ministairs_15
D:5:      basic_altar

Notes
Turn   | Place    | Note
--------------------------------------------------------------
     0 | D:1      | rlgrobin the Mummy Monk began the quest for the Orb.
     0 | D:1      | Reached XP level 1. HP: 18/18 MP: 1/1
   155 | D:1      | Reached XP level 2. HP: 21/24 MP: 2/2
   828 | D:2      | Found a sparkling altar of Nemelex Xobeh.
   837 | D:2      | Reached skill level 4 in Unarmed Combat
   837 | D:2      | Reached XP level 3. HP: 22/29 MP: 3/3
   915 | D:2      | Found a snail-covered altar of Cheibriados.
   994 | D:2      | HP: 2/29 [ball python (1)]
  1483 | D:2      | Found a glowing silver altar of Zin.
  1485 | D:2      | Noticed an angel
  1492 | D:2      | Found a shimmering altar of Xom.
  2016 | D:2      | Reached XP level 4. HP: 26/35 MP: 4/4
  2335 | D:4      | Noticed an ogre
  2386 | D:4      | Reached skill level 5 in Unarmed Combat
  2787 | D:5      | Entered Level 5 of the Dungeon
  3049 | D:5      | Reached XP level 5. HP: 15/41 MP: 5/5
  3759 | D:5      | Noticed an ice beast
  3870 | D:5      | HP: 3/42 [ice beast (5)]
  3873 | D:5      | Slain by an ice beast

Vanquished Creatures
  A crimson imp (D:5)
  A hound (D:4)
  A jelly (D:5)
  7 adders
  An ooze (D:2)
  A giant gecko (D:5)
  5 orcs
  2 ball pythons
  2 bats (D:1)
  A giant cockroach (D:2)
  2 goblins (D:1)
  4 hobgoblins
  6 kobolds
  A giant newt (D:2)
  3 jackals (D:1)
  7 rats
45 creatures vanquished.
